 Dungeon Crawl Stone Soup version 0.20.1-1-g8b1a95d (webtiles) character file.

32 letownia2 the Grave Robber (level 3, 22/28 HPs)
             Began as a Deep Dwarf Necromancer on Dec 3, 2017.
             Quit the game on level 3 of the Dungeon.
             The game lasted 00:01:28 (433 turns).

letownia2 the Grave Robber (Deep Dwarf Necromancer)  Turns: 433, Time: 00:01:29

Health: 22/28      AC:  3    Str: 11    XL:     3   Next: 8%
Magic:  4/6        EV: 12    Int: 16    God:
Gold:   53         SH:  0    Dex: 13    Spells: 3/7 levels left

rFire    . . .     SeeInvis .   g - +0 dagger (freeze)
rCold    . . .     Gourm    .   (no shield)
rNeg     . . .     Faith    .   f - +0 robe
rPois    .         Spirit   .   (no helmet)
rElec    .         Reflect  .   d - +0 cloak
rCorr    .         Harm     .   (no gloves)
MR       .....                  (no boots)
Stlth    ++........             (no amulet)
Regen    0.0/turn               (no ring)
MPRegen  0.1/turn               (no ring)

@: non-regenerating
A: damage resistance, heal wounds, sense surroundings 1, no regeneration
a: Heal Wounds


You were on level 3 of the Dungeon.
You were not hungry.

You visited 1 branch of the dungeon, and saw 4 of its levels.

You collected 53 gold pieces.

Inventory:

Hand Weapons
 a - a +0 dagger
 e - a +1 antimagic hand axe
 g - a +0 dagger of freezing (weapon)
Armour
 d - a +0 cloak (worn)
 f - a +0 robe (worn)
Potions
 h - a potion of might {unknown}
Books
 b - a book of Necromancy

   Spells                             Type                      Level
   a - Pain                           Necromancy                   1
   b - Animate Skeleton               Necromancy                   1
   c - Vampiric Draining              Necromancy                   3
   d - Regeneration                   Charms/Necromancy            3
   e - Animate Dead                   Necromancy                   4
   f - Control Undead                 Necromancy                   4
Comestibles
 c - a bread ration
 i - a royal jelly
 j - 3 chunks of flesh


   Skills:
 - Level 2.1 Dodging
 - Level 2.4 Stealth
 + Level 2.5 Spellcasting
 + Level 4.9 Necromancy


You had 3 spell levels left.
You knew the following spells:

 Your Spells              Type           Power        Failure   Level  Hunger
a - Pain                  Necr           ###.         2%          1    #......
v - Vampiric Draining     Necr           ###.......   8%          3    ###....


Dungeon Overview and Level Annotations

Branches:
Dungeon (4/15)
 Temple: D:4-7

Altars:
Ru


Innate Abilities, Weirdness & Mutations

You are resistant to damage.
You can heal yourself by infusing magical energy.
You passively map a small area around you.
You do not regenerate.


Message History

No previous command to re-do.
Memorise Vampiric Draining, consuming 3 spell levels and leaving 3?
You start memorising the spell.
You continue memorising. x2
You hear the slow rusting of a distant drain.
You continue memorising.
You finish memorising.
Spell assigned to 'b'.
Adjust (i)tems, (s)pells, or (a)bilities?
Adjust which spell? b - Vampiric Draining Adjust to which letter? v - Vampiric Draining
Found 30 stones.
A ball python and a rat come into view.
The ball python moves out of view.
A quokka comes into view.
A bat and an adder come into view.
The adder hisses angrily.
The bat moves out of view.
The ball python misses you. The ball python closely misses you.
Are you sure you want to abandon this character and quit the game? (Confirm with "yes".)

#.........#.......# #
.........>...##...#######.#
#.###.#..##...............#
#..........##.#.#.##.####
#.............#.#.##.#
,#.#†...###.####.#.#..#
...##...# ### #.#.#..#
....*#...# ##.#.#..## .##
#..... , *#@S#.....# ,,,,
.##..... *#.###..(.# , ,..
#......##S##.....## ,...
#........r.........# , , *
......#........###
.rb............# *
......#.###..#.# *
........# #.#### ,
#####.#.. ..#


You could see an adder, a quokka and a ball python.

Vanquished Creatures
  2 adders (D:2)
  A dart slug (D:4)
  2 leopard geckos (D:1)
  A giant cockroach (D:3)
  A jackal (D:3)
  2 goblins
  A rat (D:1)
10 creatures vanquished.

Notes
Turn   | Place    | Note
-------+----------+-------------------------------------------
     0 | D:1      | letownia2 the Deep Dwarf Necromancer began the quest for the Orb.
     0 | D:1      | Reached XP level 1. HP: 15/15 MP: 3/3
   208 | D:2      | Found a sacrificial altar of Ru.
   272 | D:2      | Reached XP level 2. HP: 22/22 MP: 0/5
   384 | D:4      | Reached XP level 3. HP: 24/28 MP: 1/6
   403 | D:3      | Learned a level 3 spell: Vampiric Draining
   433 | D:3      | Quit the game

Skill      XL: |  1 |
---------------+----+-----
Spellcasting   | 2 |  2.5
Dodging        | |  2.1
Stealth        | |  2.4
Necromancy     | |  4.9

Action                   || total
-------------------------++-------
Melee: Dagger            ||    19
 Cast: Pain              ||    18
Armor: Robe              ||     8
Dodge: Dodged            ||    17
